 Dungeon Crawl Stone Soup version 0.19.0-22-gd96e5fe (webtiles) character file.

942 Ice the Twirler (level 7, 0/84 HPs)
             Began as a Demonspawn Berserker on Nov 18, 2016.
             Was a Believer of Trog.
             Slain by an orc
             ... wielding a +0 club
              (3 damage)
             ... on level 5 of the Dungeon.
             The game lasted 00:22:50 (3258 turns).

Ice the Twirler (Demonspawn Berserker)              Turns: 3258, Time: 00:22:52

Health: 0/84       AC: 10    Str: 24    XL:     7   Next: 88%
Magic:  7/7        EV: 12    Int:  8    God:    Trog [**....]
Gold:   109        SH:  0    Dex: 13    Spells: 0 memorised, 6 levels left

rFire  . . .     SeeInvis +     C - +4 quarterstaff (chaos)
rCold  . . .     Gourm    .     n - +0 scale mail
rNeg   . . .     Faith    .     (shield currently unavailable)
rPois  .         Spirit   .     (helmet restricted)
rElec  .         Reflect  .     j - +2 cloak
rCorr  .         Harm     .     p - +0 pair of gloves
MR     .....                    (no boots)
Stlth  ..........               (no amulet)
                                (no ring)
                                B - ring of see invisible

@: berserking, lethally poisoned (0 -> -1), very quick
A: antennae 2, powered by death 1, spiny 1
a: Berserk, Trog's Hand, Burn Spellbooks, Renounce Religion


You were on level 5 of the Dungeon.
You worshipped Trog.
Trog was pleased with you.
You were very hungry.

You visited 1 branch of the dungeon, and saw 5 of its levels.

You collected 284 gold pieces.
You spent 175 gold pieces at shops.

Inventory:

Hand Weapons
 o - a +0 short sword
 w - a +0 war axe
 C - a +4 quarterstaff of chaos (weapon)
 G - a +0 hunting sling
Missiles
 d - 73 sling bullets
 l - 93 stones
 m - 7 javelins (quivered)
 t - a throwing net
 A - 32 poisoned needles
 H - 24 arrows
Armour
 j - a +2 cloak (worn)
 n - a +0 scale mail (worn)
 p - a +0 pair of gloves (worn)
Jewellery
 B - a ring of see invisible (left hand)
Scrolls
 a - a scroll of teleportation
 g - a scroll of blinking {unknown}
 h - a scroll of amnesia {unknown}
 i - a scroll of fog {unknown}
 k - a scroll of enchant weapon {unknown}
 v - a scroll of recharging {unknown}
 y - 2 scrolls of remove curse {unknown}
 D - 2 scrolls of immolation
 I - a scroll of magic mapping {unknown}
Potions
 b - a potion of degeneration {unknown}
 e - 3 potions of curing
 f - 2 potions of lignification {unknown}
 q - 2 potions of cancellation
 s - 2 potions of might
 u - a potion of heal wounds {unknown}
 x - 3 potions of brilliance
 E - a potion of berserk rage {unknown}
 F - a potion of agility {unknown}
Comestibles
 c - 9 bread rations
 r - 2 meat rations
 z - 2 chunks of flesh


   Skills:
 - Level 5.1 Fighting
   Level 2.8 Long Blades
 - Level 2.5 Axes
 - Level 5.3 Staves
 - Level 1.9 Armour
 + Level 4.0 Dodging


You had 6 spell levels left.
You didn't know any spells.

Dungeon Overview and Level Annotations

Branches:
Dungeon (5/15)
 Temple: D:4-7

Altars:
Cheibriados
Fedhas
Okawaru
Sif Muna
Uskayaw
Vehumet
Xom
Yredelemnul

Shops:
D:5 (


Innate Abilities, Weirdness & Mutations

You have a pair of antennae on your head.
You regenerate a little health from kills.
You are partially covered in sharp spines.


Message History

Trog accepts your kill.
Trog appreciates your killing of a magic user.
Your Dodging skill increases to level 4!
The orc priest calls down the wrath of Beogh upon you.
Beogh smites you!
* * * LOW HITPOINT WARNING * * *
You are too injured to fight recklessly!
You hit the orc priest.
The orc priest is lightly wounded.
You feel sick.
The orc priest mumbles some strange prayers to Beogh against you.
Beogh smites you!
* * * LOW HITPOINT WARNING * * *
A red film seems to cover your vision as you go berserk!
You feel yourself moving faster!
You feel mighty!
You are feeling very hungry.
You feel sick. The orc priest hits you with a flail.
* * * LOW HITPOINT WARNING * * *
The orc hits you with a club.
You die...

#.............#
#..##..########
#..##..#......#
...##'##.....(#
#..).(.....#
#!.o.......#
#....####J##
.......#..oo.#
...(J...#..@).#
...(.o...#.....#
.....#+###....##
.(... #....#
+..... #####++


You could see a jelly, an orc priest and an orc.

Vanquished Creatures
  The ghost of Firecrotchwizard the Cutter, a novice HaFi of Hepliaklqana (D:4)
  Duvessa (D:4)
  Dowan (D:4)
  A scorpion (D:4)
  A howler monkey (D:4)
  3 hounds
  3 orc priests
  An orc wizard (D:5)
  Ijyb (D:3)
  Crazy Yiuf (D:3)
  3 worker ants
  A gnoll (D:2)
  3 adders
  4 oozes
  A worm (D:3)
  A dart slug (D:3)
  2 leopard geckos
  5 orcs
  3 giant cockroaches
  5 goblins
  6 hobgoblins
  8 jackals
  4 quokkas
  4 bats
  2 frilled lizards
  5 kobolds
  8 rats
79 creatures vanquished.

Vanquished Creatures (others)
  An ogre (D:4)
  A howler monkey (D:4)
  A hound (D:4)
  An orc priest (D:4)
  An iguana (D:4)
  A leopard gecko (D:4)
  2 giant cockroaches (D:4)
  A jackal (D:4)
  A quokka (D:4)
  2 frilled lizards (D:4)
12 creatures vanquished.

Grand Total: 91 creatures vanquished

Notes
Turn   | Place    | Note
-------+----------+-------------------------------------------
     0 | D:1      | Ice the Demonspawn Berserker began the quest for the Orb.
     0 | D:1      | Reached XP level 1. HP: 18/18 MP: 1/1
   213 | D:1      | Gained mutation: You are partially covered in sharp spines. [demonic ancestry]
   213 | D:1      | Reached XP level 2. HP: 24/24 MP: 2/2
   779 | D:2      | Gained mutation: You regenerate a little health from kills. [demonic ancestry]
   779 | D:2      | Reached XP level 3. HP: 30/30 MP: 3/3
  1050 | D:2      | Found a deep blue altar of Sif Muna.
  1097 | D:2      | Found a radiant altar of Vehumet.
  1131 | D:2      | Found a basalt altar of Yredelemnul.
  1174 | D:2      | Gained mutation: You have a pair of small antennae on your head. [demonic ancestry]
  1174 | D:2      | Reached XP level 4. HP: 34/38 MP: 4/4
  1179 | D:2      | Reached skill level 5 in Fighting
  1181 | D:2      | Reached ** piety under Trog
  1273 | D:2      | Found a hide-covered altar of Uskayaw.
  1276 | D:2      | Found an iron altar of Okawaru.
  1650 | D:3      | Found a runed door.
  1720 | D:3      | Noticed Crazy Yiuf
  1725 | D:3      | Killed Crazy Yiuf
  1725 | D:3      | Reached skill level 1 in Axes
  1725 | D:3      | Gained mutation: You have a pair of antennae on your head. [demonic ancestry]
  1725 | D:3      | Reached XP level 5. HP: 33/44 MP: 5/5
  1866 | D:3      | Found a snail-covered altar of Cheibriados.
  1882 | D:3      | Found a blossoming altar of Fedhas.
  1882 | D:3      | Noticed Ijyb
  1895 | D:3      | Killed Ijyb
  2328 | D:4      | Killed an ogre
  2334 | D:4      | Reached skill level 1 in Staves
  2419 | D:4      | Noticed Dowan
  2422 | D:4      | Noticed Duvessa
  2425 | D:4      | Killed Duvessa
  2425 | D:4      | Reached XP level 6. HP: 48/51 MP: 6/6
  2429 | D:4      | Killed Dowan
  2611 | D:4      | Found a shimmering altar of Xom.
  2613 | D:4      | Noticed Firecrotchwizard's ghost (novice HaFi)
  2623 | D:4      | Killed Firecrotchwizard's ghost
  2623 | D:4      | Reached skill level 5 in Staves
  2623 | D:4      | Reached XP level 7. HP: 32/56 MP: 7/7
  2806 | D:4      | Found a shimmering altar of Xom.
  3139 | D:5      | Entered Level 5 of the Dungeon
  3196 | D:5      | Found Rileaxte's Weapon Shoppe.
  3205 | D:5      | Bought 21 sling bullets for 115 gold pieces
  3205 | D:5      | Bought 10 poisoned needles for 44 gold pieces
  3205 | D:5      | Bought a +0 hunting sling for 16 gold pieces
  3258 | D:5      | HP: 3/84 [orc priest/flail (3)]
  3258 | D:5      | Slain by an orc

Skill      XL: |  1  2  3  4  5  6  7 |
---------------+----------------------+-----
Fighting       | 4 5 |  5.1
Axes           | 1 2 |  2.5
Staves         | 3 5 |  5.3
Dodging        | 4 |  4.0
Long Blades    | |  2.8
Armour         | |  1.9

Action                   |  1- 3 |  4- 6 |  7- 9 || total
-------------------------+-------+-------+-------++-------
Melee: Falchion          |    23 |       |       ||    23
       War axe           |     7 |    47 |       ||    54
       Quarterstaff      |       |    30 |    20 ||    50
 Fire: Hunting sling     |       |       |     4 ||     4
Throw: Javelin           |    31 |    55 |    12 ||    98
Invok: Berserk           |       |       |     1 ||     1
  Use: Scroll            |     3 |     3 |     2 ||     8
  Eat: Chunk             |     1 |     4 |     2 ||     7
Armor: Animal skin       |     2 |       |       ||     2
       Leather armour    |     1 |       |       ||     1
       Scale mail        |    12 |    30 |     5 ||    47
Dodge: Dodged            |    20 |    40 |     7 ||    67
       Rpst.: Falchion   |     3 |       |       ||     3
